 Dungeon Crawl Stone Soup version 0.17-a0-1989-gfb2cd5c (webtiles) character file.

486 Xuu the Cutter (level 7, -1/46 HPs)
             Began as a Halfling Berserker on Oct 7, 2015.
             Was a Priest of Trog.
             Killed from afar by an orc wizard (11 damage)
             ... with a magic dart
             ... on level 4 of the Dungeon.
             The game lasted 00:21:39 (3650 turns).

Xuu the Cutter (Halfling Berserker)                 Turns: 3650, Time: 00:21:39

Health: -1/46      AC:  2    Str: 17      XL:     7   Next: 35%
Magic:  8/8        EV: 16    Int:  6      God:    Trog [***...]
Gold:   182        SH:  0    Dex: 13 (16) Spells: 0 memorised, 6 levels left

rFire  . . .     SeeInvis .     C - +0 rapier
rCold  . . .     Clarity  .     i - +0 robe (curse)
rNeg   + . .     SustAt   .     (shield restricted)
rPois  .         Gourm    .     (no helmet)
rElec  .         Spirit   .     (no cloak)
rCorr  .         Warding  .     (no gloves)
rMut   .         Stasis   .     (no boots)
MR     +....                    (no amulet)
Stlth  +.........               w - ring of positive energy (curse)
                                s - ring of protection from magic

@: exhausted, slowed, very slow, somewhat resistant to hostile enchantments,
very unstealthy
A: mutation resistance 1, subdued magic 1
a: Burn Spellbooks, Berserk, Trog's Hand, Renounce Religion


You were on level 4 of the Dungeon.
You worshipped Trog.
Trog was most pleased with you.
You were very hungry.

You visited 1 branch of the dungeon, and saw 4 of its levels.

You collected 182 gold pieces.

Inventory:

Hand Weapons
 a - a +0 short sword
 h - a cursed -3 dagger
 n - a +0 rapier
 A - a cursed -1 dagger
 C - a +0 rapier (weapon)
Missiles
 d - 137 stones (quivered)
 o - 32 poisoned needles
 u - a throwing net
 x - 20 sling bullets
 y - 21 arrows
 z - 3 tomahawks
 E - 3 needles of slowing
 H - 18 bolts
Armour
 b - a +0 animal skin
 g - a +0 robe
 i - a cursed +0 robe (worn)
 k - a +0 leather armour
 B - a +0 ring mail
 I - a +1 leather armour of poison resistance
Jewellery
 s - a ring of protection from magic (left hand)
 w - a cursed ring of positive energy (right hand)
Wands
 t - a wand of confusion (20)
Scrolls
 e - a scroll of amnesia
 j - a scroll of magic mapping {unknown}
 l - a scroll of remove curse {unknown}
 m - a scroll of fear {unknown}
 q - a scroll of identify
 r - a scroll of teleportation {unknown}
 v - a scroll of random uselessness {unknown}
 F - a scroll of immolation
Potions
 f - a potion of might
 G - a potion of heal wounds {unknown}
Comestibles
 c - 4 bread rations
 p - 2 chunks of flesh
 D - a royal jelly


   Skills:
 - Level 3.0 Fighting
 + Level 6.8 Short Blades
 - Level 5.0 Armour
 + Level 4.0 Dodging
 + Level 1.8 Evocations


You had 6 spell levels left.
You didn't know any spells.

Dungeon Overview and Level Annotations

Branches:
Dungeon (4/15)
 Temple: D:4-7

Altars:
Dithmenos
Elyvilon
Fedhas
Kikubaaqudgha


Innate Abilities, Weirdness & Mutations

You are small and have problems with some larger weapons.
You are somewhat resistant to further mutation.
Your spells are a little easier to cast, but a little less powerful.


Message History

You hit something.
You hear some strange, mumbled words.
You are confused.
Something hits you but does no damage.
You barely miss something. Something barely misses you.
You bump into the rock wall.
You hear some strange, mumbled words.
A magic dart appears from out of thin air!
The magic dart hits you!
* * * LOW HITPOINT WARNING * * *
Something hits you.
* * * LOW HITPOINT WARNING * * *
You're too confused!
Something hits you.
* * * LOW HITPOINT WARNING * * *
You feel less confused.
You hear some strange, mumbled words.
A magic dart appears from out of thin air!
The magic dart hits you!
You die...

##...........#....##
##.......#......###
##......##...#...######
##...####..####.......
##### #..######......
##.....#####...#
##.......## #..##
##.........# #..#
#@.........####.#
##...........###.##
#.....).......##..#
##...>.........###.#
#.............## #.#
##.............# #.#
##.............## #.#
##.............## ###.
#..##........### ##...


There were no monsters in sight!

Vanquished Creatures
  Eustachio (D:4)
  A hound (D:4)
  A quasit (D:3)
  2 orc priests
  2 worker ants (D:4)
  5 adders
  3 gnolls (D:2)
  An ooze (D:4)
  A worm (D:4)
  4 giant geckos
  6 orcs
  4 bats
  3 giant cockroaches
  8 goblins
  7 hobgoblins
  13 jackals
  11 kobolds
  3 quokkas
  A ball python (D:4)
  4 giant newts (D:1)
  5 rats
86 creatures vanquished.

Vanquished Creatures (others)
  5 toadstools (D:1)
5 creatures vanquished.

Grand Total: 91 creatures vanquished

Notes
Turn   | Place    | Note
--------------------------------------------------------------
     0 | D:1      | Xuu the Halfling Berserker began the quest for the Orb.
     0 | D:1      | Reached XP level 1. HP: 15/15 MP: 1/1
   256 | D:1      | Reached XP level 2. HP: 20/20 MP: 2/2
   565 | D:1      | Reached XP level 3. HP: 19/25 MP: 3/3
   769 | D:1      | Reached skill level 5 in Short Blades
  1026 | D:1      | Acquired Trog's second power
  1469 | D:2      | Reached XP level 4. HP: 22/30 MP: 4/4
  1486 | D:2      | Found an ancient bone altar of Kikubaaqudgha.
  1595 | D:2      | Found a blossoming altar of Fedhas.
  1749 | D:3      | Reached XP level 5. HP: 36/36 MP: 5/5
  1980 | D:3      | Reached skill level 6 in Short Blades
  2184 | D:3      | Found a shadowy altar of Dithmenos.
  2193 | D:3      | Found a white marble altar of Elyvilon.
  2327 | D:3      | Reached XP level 6. HP: 36/42 MP: 6/6
  2682 | D:4      | Noticed Eustachio
  2756 | D:4      | Gained mutation: Your spells are a little easier to cast, but a little less powerful. [potion of mutation]
  3271 | D:4      | Killed Eustachio
  3271 | D:4      | Reached skill level 1 in Evocations
  3271 | D:4      | Reached XP level 7. HP: 43/46 MP: 7/7
  3627 | D:4      | Reached skill level 5 in Armour
  3650 | D:4      | Killed from afar by an orc wizard

Vault maps used:
D:1:      ldierk_walled_garden
D:2:      kiku_gazebo_pond_becter, lemuel_round_altar, kennysheep_generic_room_3
D:3:      amethyst_overflow_temple_binary, minmay_misc_feat_doors
D:4:      first_bread, uniq_eustachio

Action                   |  1- 3 |  4- 6 |  7- 9 || total
-------------------------+-------+-------+-------++-------
Melee: Short sword       |   118 |   166 |       ||   284
       Rapier            |       |    41 |    51 ||    92
Invok: Berserk           |     2 |     7 |     2 ||    11
       Trog's Hand       |       |     2 |       ||     2
  Use: Scroll            |       |     7 |       ||     7
       Potion            |       |     1 |       ||     1
 Stab: Sleeping          |     2 |       |     1 ||     3
  Eat: Chunk             |     3 |    10 |     1 ||    14
       Meat ration       |       |     1 |       ||     1
